Unix NetHack Version 5.0.0-0 post-release - last build May 23 2026 06:08:33 (1c0ff79ee797540d5714e4e18072db0edd9e58ae,branch:main).

Game began 2026-05-23 19:20:59, ended 2026-05-24 16:35:57.

Anarchos, lawful male dwarven Valkyrie

          ------              ---------------      ------
          |).).|              |.............|     #-....|
          |).).|              |.2...........|     #|.<..|
          |....|              |4..1.........-#    #|....|
          ---|--              -------|-------#    #|....+
             ##                    ###      ##    #------
              #                   ##        #     ###
              #                   #       ###       #
              #                   #       #         ##
              #                   %       #          #
           ---.-                  @       #          #
           |...|               ?#@#       3          #
           |...|        -------+---       #-------+--#
           |>..-######  |........[|       #|........|#
           |...|     #  |.........|       #-........|#
           |`..|     ###|.........|        |....[...[#
           -----       #..........|        ----------
                        |.........|
                        -----------

Anarchos the Fighter        St:15 Dx:16 Co:16 In:10 Wi:10 Ch:7  Lawful
Dlvl:8  $:38 HP:0(74) Pw:11(11) AC:4  Xp:8 T:8848  Burdened Hallu

Latest messages:
 You are beginning to feel hungry.
 What do you want to eat? [epJKU or ?*] p
 This food really hits the spot!
 You finish eating the food ration.
 Where do you want to travel to?
 (For instructions type a '?')
 You move right into it.
 It explodes!
 You are caught in a blast of kaleidoscopic light!
 You are freaked out.
 Where do you want to travel to?
 (For instructions type a '?')
 The chameleon yodels!
 You hit the baby blue dragon!
 The tengu wheezes!
 You hit the Vorlon!
 In what direction? 2
 The door closes.
 The ogre queen appears next to you!
 The wood nymph touches you!
 The lurker above points at you, then curses.
 You hit the gelatinous cube!
 The silver dragon vanishes!
 The incubus appears next to you!
 The mountain centaur touches you!
 The air crackles around the displacer beast.
 You hit the dwarf zombie!
 The shrieker vanishes!
 You smell a dragon!
 What do you want to drop? [$a-zA-Z or ?*] d
 You drop an uncursed bag containing 13 items.
 Your movements are only slowed slightly by your load.
 The first category perpetual motion device bites!
 You hit the lemming!
 You miss the spelling bee.
 The elf zombie bites!
 You miss the one-eyed one-horned flying purple people eater.
 The gnome bites!
 You miss the three-headed monkey.
 You hit the nalfeshnee!
 The gnome king bites!
 The newt bites!
 You hit the xan!
 The coyote bites!
 You die...
 Do you want your possessions identified? [ynq] (y) y
 Do you want to see your attributes? [ynq] (y) y
 Do you want an account of creatures vanquished? [ynaq] (y) y
 Do you want to see your conduct and achievements? [ynq] (y) y
 Do you want to see the dungeon overview? [ynq] (y) y

Inventory:
 Coins    ('$')
  $ - 38 gold pieces
 Amulets  ('"')
  r - a cursed amulet of unchanging (being worn)
 Weapons  (')')
  w - 13 +0 arrows
  G - a +0 bow
  b - a +2 dagger
  a - a +1 dwarvish spear (weapon in right hand)
  E - a +0 orcish dagger
  f - a +1 orcish spear
  h - a blessed +0 ranseur
 Armor    ('[')
  A - an uncursed +0 orcish helm (being worn)
  Q - an uncursed +3 small shield (being worn)
  X - an uncursed +0 elven cloak (being worn)
  c - an uncursed +0 mummy wrapping
  n - an uncursed +0 mummy wrapping
 Comestibles  ('%')
  U - an uncursed slime mold
  J - an uncursed apple
  p - an uncursed food ration
  K - an uncursed tripe ration
  e - an uncursed lichen corpse
 Scrolls  ('?')
  q - 2 uncursed scrolls of confuse monster
  P - 2 uncursed scrolls of earth
  k - an uncursed scroll of enchant armor
  y - an uncursed scroll of fire
  C - an uncursed scroll of genocide
  D - an uncursed scroll of gold detection
  s - 2 uncursed scrolls of light
  i - an uncursed scroll of teleportation
 Spellbooks  ('+')
  t - an uncursed spellbook of magic missile
  V - an uncursed spellbook of teleport away
 Potions  ('!')
  g - an uncursed potion of gain energy
  N - an uncursed potion of object detection
  l - an uncursed potion of water
 Rings    ('=')
  o - an uncursed ring of conflict
  Y - an uncursed ring of fire resistance (on left hand)
  M - an uncursed ring of warning (on right hand)
 Wands    ('/')
  I - a wand of create monster (0:11)
  x - a wand of digging (0:7)
  O - a wand of make invisible (0:5)
  T - a wand of probing (0:6)
 Tools    ('(')
  j - an uncursed sack containing 1 item
  Z - an uncursed bugle
  F - an uncursed leash
  z - an uncursed magic whistle
  L - an uncursed mirror
  B - an uncursed oil lamp
  S - an uncursed skeleton key
  H - 2 uncursed tallow candles
 Gems/Stones  ('*')
  v - an uncursed worthless piece of black glass
  m - an uncursed worthless piece of violet glass
  R - an uncursed worthless piece of white glass
  W - a cursed loadstone
  u - an uncursed rock

Contents of the sack:
  an uncursed worthless piece of violet glass

Anarchos the Valkyrie's attributes:

Background:
 You were a Fighter, a level 8 male dwarven Valkyrie.
 You were lawful, on a mission for Tyr
 who was opposed by Odin (neutral) and Loki (chaotic).
 You started out female.
 You were right-handed.
 You were in the Dungeons of Doom, on level 8.
 You entered the dungeon 8848 turns ago.
 You had 1645 experience points, 915 more were needed to attain level 9.

Basics:
 You had 0 out of 74 hit points.
 You had all 11 energy points (spell power).
 Your armor class was 4.
 Your wallet contained 38 sporebucks.
 Autopickup was on for all types.

Final Characteristics:
 Your strength was 15 (peak:17, limit:18/100).
 Your dexterity was 16 (limit:20).
 Your constitution was 16 (limit:20).
 Your intelligence was 10 (limit:16).
 Your wisdom was 10 (peak:11, limit:16).
 Your charisma was 7 (limit:16).

Final Status:
 You were hallucinating.
 You weren't hungry.
 You were burdened; movement was slightly slowed.
 You were wielding a spear.
 You had expert skill with spear.

Final Attributes:
 You were piously aligned.
 You were fire resistant.
 Your items were protected from fire.
 You were cold resistant.
 You were telepathic.
 You were warned.
 You had infravision.
 You were stealthy.
 You were warded.
 You couldn't change from your current form.
 You were fast.
 You are dead.

Miscellaneous:
 You didn't encounter any bones levels.
 Total elapsed playing time was 5 hours, 53 minutes and 33 seconds.

Major events:
 Turn
    1: Anarchos the lawful dwarven Valkyrie entered the dungeon
  796: attained the rank of Skirmisher (level 3)
  953: entered the Gnomish Mines
 1469: reached Mine Town
 3079: attained the rank of Fighter (level 6)
 5432: entered Sokoban
 5783: completed 1st Sokoban level
 8848: killed by a hallucinogen-distorted warg

Spells:
 Name                 Level Category     Fail Retention
 charm monster          5   enchantment  100%   51%-75%
 haste self             3   escape       100%   51%-75%
 magic missile          2   attack       100%  76%-100%

Skills:
 Fighting Skills
   bare handed combat [Unskilled]
   two weapon combat  [Unskilled]
   riding             [Unskilled]
 Weapon Skills
   dagger             [Basic]
   axe                [Unskilled]
   pick-axe           [Unskilled]
   short sword        [Unskilled]
   broadsword         [Unskilled]
   long sword         [Unskilled]
   two-handed sword   [Unskilled]
   saber              [Unskilled]
   hammer             [Unskilled]
   quarterstaff       [Unskilled]
   polearms           [Unskilled]
   spear              [Expert]
   trident            [Unskilled]
   lance              [Unskilled]
   sling              [Unskilled]
 Spellcasting Skills
   attack spells      [Unskilled]
   escape spells      [Unskilled]

Voluntary challenges:
 Character rerolling was not enabled.
 You never genocided any monsters.
 You never polymorphed an object.
 You never changed form.
 You used no wishes.
 You violated the special Sokoban rules twice.
Achievements:
 You attained the rank of Skirmisher.
 You entered the Gnomish Mines.
 You entered Minetown.
 You entered a shop.
 You entered a temple.
 You attained the rank of Fighter.
 You entered Sokoban.

 The Dungeons of Doom: levels 1 to 8
    Level 1:
    Level 2:
       A grave.
    Level 3:
       A fountain.
    Level 4:
       Stairs down to The Gnomish Mines.
    Level 5:
       Many fountains.
    Level 6:
       An altar.
       Stairs up to Sokoban, level 5.
    Level 7:
    Level 8: <- You were here.
       A weapon shop.
       Final resting place for
          you, killed by a hallucinogen-distorted warg.
 The Gnomish Mines: levels 5 to 9
    Level 5:
    Level 6:
    Level 7:
       Many shops, a temple and an altar, some fountains.
    Level 8:
    Level 9:
 Sokoban: levels 5 up to 4
    Level 4:
       Unsolved.
    Level 5:
       Solved.


Vanquished creatures:
  a large mimic
  a water elemental
  2 small mimics
  a crocodile
  a giant beetle
  2 wolves
  3 winter wolf cubs
  2 black lights
  a vampire bat
  a dwarf mummy
  2 dust vortices
  a plains centaur
  a gnome mummy
  2 snakes
  4 apes
  a Woodland-elf
  a bugbear
 an imp
  2 wood nymphs
  3 water nymphs
 an orc shaman
  3 rock piercers
  a rock mole
  2 ponies
  a fog cloud
  a yellow light
  a shrieker
  2 violet fungi
  3 gnome leaders
  2 gnomish wizards
  2 kobold mummies
  a gray ooze
  a ghoul
  a straw golem
  a baby crocodile
  5 giant ants
  a little dog
  2 floating eyes
  a dwarf
  a homunculus
  a kobold shaman
  a hill orc
  a rothe
  a centipede
  a giant bat
  a wererat
  3 werejackals
  2 iguanas
 11 killer bees
 an acid blob
  a coyote
  a gas spore
  a hobbit
 17 manes
  4 hobgoblins
  6 giant rats
  a green mold
 15 gnomes
  a gnome zombie
  2 geckos
  2 jackals
  a fox
  2 kobolds
  3 sewer rats
 10 grid bugs
  a bat
 12 lichens
  7 newts
176 creatures vanquished.

No species were genocided or became extinct.

Game over:
                       ----------
                      /          \
                     /    REST    \
                    /      IN      \
                   /     PEACE      \
                  /                  \
                  |     Anarchos     |
                  |      38 Au       |
                  |   killed by a    |
                  | hallucinogen-dis |
                  |   torted warg    |
                  |                  |
                  |       2026       |
                 *|     *  *  *      | *
        _________)/\\_//(\/(/\)/\//\/|_)_______

Farvel Anarchos the Valkyrie...

You died in The Dungeons of Doom on dungeon level 8 with 7105 points,
and 38 pieces of gold, after 8848 moves.
You were level 8 with a maximum of 74 hit points when you died.

